 Dungeon Crawl Stone Soup version 0.31-a0-1278-g11c5b68f87 (webtiles) character file.

Game seed: 10197834084908475556

39 Zonian the Shooter (level 3, 0/29 HPs)
             Began as a Demigod Hunter on Dec 18, 2023.
             Slain by a cerulean imp
             ... wielding a +1 spear
             ... summoned by Natasha
              (4 damage)
             ... on level 2 of the Dungeon.
             The game lasted 00:01:56 (947 turns).

Zonian the Shooter (Demigod Hunter)                  Turns: 947, Time: 00:01:56

Health: 0/29       AC:  3    Str: 12    XL:     3   Next: 11%
Magic:  5/5        EV: 12    Int: 11    God:
Gold:   23         SH:  0    Dex: 21    Spells: 2/2 levels left

rFire   . . .        a - +0 shortbow {bow}
rCold   . . .        (shield currently unavailable)
rNeg    . . .        c - +0 leather armour
rPois   .            (no helmet)
rElec   .            (no cloak)
rCorr   .            (no gloves)
SInv    .            (no boots)
Will    .....        (no amulet)
Stlth   ++           (no ring)
HPRegen 0.24/turn    (no ring)
MPRegen 0.09/turn

%: no passive effects
@: slowed, very slow
A: high MP 1, forlorn, divine attributes
a: no special abilities


You were on level 2 of the Dungeon.
You visited 1 branch of the dungeon, and saw 2 of its levels.

You collected 23 gold pieces.


Innate Abilities, Weirdness & Mutations

You have an increased reservoir of magic. (+10% MP)
You shall have no god before yourself.
Your divine heritage dramatically boosts your attributes as you level up.


   Skills:
 + Level 2.2 Fighting
 + Level 3.9 Ranged Weapons
 + Level 2.3 Dodging
 + Level 1.6 Stealth


You had 2 spell levels left.
You didn't know any spells.
Your spell library was empty.

Inventory:

Hand Weapons
 a - a +0 shortbow (weapon) {bow}
Armour
 c - a +0 leather armour (worn)
 m - a +0 pair of gloves
   (You found it on level 2 of the Dungeon)
Jewellery
 l - a ring of wizardry
   (You found it on level 2 of the Dungeon)
Scrolls
 b - a scroll of butterflies
 d - a scroll of noise {unknown}
 e - a scroll of immolation {unknown}
 f - 2 scrolls of identify {unknown}
 h - 2 scrolls of poison {unknown}
 i - 3 scrolls of enchant weapon {unknown}
 j - a scroll of torment {unknown}
Potions
 k - a potion of attraction {!q}

Dungeon Overview and Level Annotations

Branches:
Dungeon (2/15) Zot: 11027

Annotations:
D:2 Natasha

#.# . #.# ..
#.# ... #.###
.#..####.#.#
.....5.....#
.....5.....#
.....h.@...#
....####.#.# .
#..#.# #..#.#
#....# .
#....# ...
#....#
......###....#
#............#


You could see Natasha and 2 cerulean imps.


Message History

Aim: a cerulean imp, wielding a +0 spear (severely wounded, summoned, 51% to hit)
You shoot an arrow.
The arrow closely misses the cerulean imp.
The arrow hits Natasha!
The cerulean imp hits you but does no damage.
The cerulean imp barely misses you. The cerulean imp closely misses you.
The cerulean imp hits you from afar with a +1 spear. 😮 HP[-1]
You take 1 damage, and now have 20/29 hp.
Unknown command.
Fire: a) +0 shortbow {bow}
Press: ? - help, Q - select action Shift-Dir - straight line, f/p - cerulean imp
Aim: a cerulean imp, wielding a +0 spear (severely wounded, summoned, 51% to hit)
You shoot an arrow. The arrow misses the cerulean imp.
The arrow hits Natasha.
The cerulean imp hits you from afar with a +0 spear.
The cerulean imp barely misses you. The cerulean imp misses you.
The cerulean imp hits you from afar with a +0 spear.
* * * LOW HITPOINT WARNING * * *
😨 HP[-6]
You take 6 damage, and now have 14/29 hp.
MASSIVE DAMAGE!! (PAUSE) Fire: a) +0 shortbow {bow}
Press: ? - help, Q - select action Shift-Dir - straight line, f/p - cerulean imp
Aim: a cerulean imp, wielding a +0 spear (severely wounded, summoned, 51% to hit)
You shoot an arrow.
The arrow hits the cerulean imp but does no damage.
The cerulean imp hits you but does no damage.
The cerulean imp hits you from afar with a +1 spear.
* * * LOW HITPOINT WARNING * * *
The cerulean imp hits you from afar with a +0 spear.
* * * LOW HITPOINT WARNING * * *
😱 HP[-8]
You take 8 damage, and now have 6/29 hp.
MASSIVE DAMAGE!! (PAUSE)
You feel much better.
The cerulean imp hits you from afar with a +2 spear.
The cerulean imp closely misses you.
The cerulean imp hits you but does no damage. 😕 HP[+19]
You regained 19 hp, and now have 25/29 hp.
Unknown command.
Fire: a) +0 shortbow {bow}
Press: ? - help, Q - select action Shift-Dir - straight line, f/p - cerulean imp
Aim: a cerulean imp, wielding a +0 spear (severely wounded, summoned, 51% to hit)
You shoot an arrow.
The arrow hits the cerulean imp but does no damage.
The cerulean imp hits you from afar with a +2 spear.
The cerulean imp closely misses you.
The cerulean imp hits you from afar with a +0 spear.
The cerulean imp closely misses you. 😕 HP[-3]
You take 3 damage, and now have 22/29 hp.
Unknown command.
Fire: a) +0 shortbow {bow}
Press: ? - help, Q - select action Shift-Dir - straight line, f/p - cerulean imp
Aim: a cerulean imp, wielding a +0 spear (severely wounded, summoned, 51% to hit)
You shoot an arrow.
The arrow hits the cerulean imp but does no damage.
The cerulean imp hits you from afar with a +1 spear.
The cerulean imp hits you from afar with a +0 spear.
The cerulean imp hits you from afar with a +2 spear.
The cerulean imp hits you from afar with a +1 spear.
* * * LOW HITPOINT WARNING * * *
Natasha howls an incantation.
Natasha's front paws start to glow. 😨 HP[-11]
You take 11 damage, and now have 11/29 hp.
MASSIVE DAMAGE!! (PAUSE) Fire: a) +0 shortbow {bow}
Press: ? - help, Q - select action Shift-Dir - straight line, f/p - cerulean imp
Aim: a cerulean imp, wielding a +0 spear (severely wounded, summoned, 51% to hit)
You shoot an arrow. The arrow hits the cerulean imp!
You kill the cerulean imp!
The cerulean imp disappears in a puff of smoke!
The cerulean imp hits you but does no damage.
The cerulean imp barely misses you.
Unknown command.
Fire: a) +0 shortbow {bow}
Press: ? - help, Q - select action Shift-Dir - straight line, f - Natasha
Aim: Natasha (almost dead, 58% to hit)
You shoot an arrow.
The arrow hits Natasha but does no damage.
Natasha stares at you and mumbles some strange words.
You feel yourself slow down. The cerulean imp completely misses you.
The cerulean imp hits you from afar with a +1 spear.
* * * LOW HITPOINT WARNING * * *
Natasha stares at you and mumbles some strange words.
You feel as though you will be slow longer.
The cerulean imp hits you from afar with a +2 spear.
* * * LOW HITPOINT WARNING * * *
😱 HP[-8]
You take 8 damage, and now have 3/29 hp.
MASSIVE DAMAGE!! (PAUSE) Fire: a) +0 shortbow {bow}
Press: ? - help, Q - select action Shift-Dir - straight line, f/p - Natasha
Aim: Natasha (severely wounded, 58% to hit)
You shoot an arrow. The arrow closely misses Natasha.
The cerulean imp hits you from afar with a +1 spear.
You die...

Skill      XL: |  1 |
---------------+----+-----
Stealth        | 1 |  1.6
Fighting       | 2 |  2.2
Dodging        | 2 |  2.3
Ranged Weapons | |  3.9

Action                     || total
---------------------------++-------
   Fire: Shortbow          ||    92
    Use: Potion            ||     4
 Armour: Leather armour    ||    43
  Dodge: Dodged            ||    39

Levels and vault maps discovered:
D:1:      ncdulo_watergridlock, layout_basic, roderic_roman_lattice
D:2:      layout_basic, basic_altar, uniq_natasha

Notes
Turn   | Place    | Note
-------+----------+-------------------------------------------
     0 | D:1      | Zonian the Demigod Hunter began the quest for the Orb.
     0 | D:1      | Reached XP level 1. HP: 17/17 MP: 3/3
     0 | D:1      | magus.rc [v1.9.6]
    67 | D:1      | Reached skill level 1 in Stealth
   302 | D:1      | Reached skill level 2 in Fighting
   302 | D:1      | Reached skill level 2 in Dodging
   316 | D:1      | Reached XP level 2. HP: 24/24 MP: 4/4
   848 | D:2      | HP: 5/24 [adder (2)]
   853 | D:2      | Reached XP level 3. HP: 17/29 MP: 5/5
   931 | D:2      | Noticed Natasha
   941 | D:2      | HP: 6/29 [cerulean imp/+0 spear[Natasha] (4)]
   946 | D:2      | HP: 3/29 [cerulean imp/+2 spear[Natasha] (6)]
   947 | D:2      | Slain by a cerulean imp

Vanquished Creatures
  An adder (D:2)
  A worm (D:2)
  A dart slug (D:1)
  2 ball pythons
  2 endoplasms (D:1)
  A giant cockroach (D:1)
  4 goblins
  A quokka (D:1)
  6 bats (D:1)
  A frilled lizard (D:1)
  2 kobolds
  A rat (D:2)
23 creatures vanquished.

Table legend:
 A = Non-vault XP
 B = Vault XP
 C = Vault XP percentage of total XP
 D = Non-vault monster count
 E = Vault monster count
 F = Vault count percentage of total count
                 A         B        C        D         E       F
            +---------+---------+-------+---------+---------+-------
      Total |      56 |       0 |   0.0 |      23 |       0 |   0.0
            +---------+---------+-------+---------+---------+-------
        D:1 |      31 |       0 |   0.0 |      17 |       0 |   0.0
        D:2 |      25 |       0 |   0.0 |       6 |       0 |   0.0
            +---------+---------+-------+---------+---------+-------

Skill      XL: |  1 |
---------------+----+-----
Stealth        | 1 |  1.6
Fighting       | 2 |  2.2
Dodging        | 2 |  2.3
Ranged Weapons | |  3.9

Action                     || total
---------------------------++-------
   Fire: Shortbow          ||    92
    Use: Potion            ||     4
 Armour: Leather armour    ||    43
  Dodge: Dodged            ||    39

Illustrated notes

Table legend:
 A = Kills in this place as a percentage of kills in the entire game.
 B = Kills by you in this place as a percentage of kills by you in the entire game.
 C = Kills by friends in this place as a percentage of kills by friends in the entire game.
 D = Other kills in this place as a percentage of other kills in the entire game.
 E = Experience gained in this place as a percentage of experience gained in the entire game.
 F = Experience gained in this place divided by the number of levels of this place that you have seen.
                   A       B       C       D       E      F
               +-------+-------+-------+-------+-------+----------------------
         Total | 100.0 | 100.0 |   N/A |   N/A | 100.0 |  28.0
       Dungeon | 100.0 | 100.0 |   N/A |   N/A | 100.0 |  28.0
               +-------+-------+-------+-------+-------+----------------------

Table legend: (Time is in decaauts)
 A = Elapsed time spent in this place.
 B = Non-inter-level travel time spent in this place.
 C = Inter-level travel time spent in this place.
 D = Time resting spent in this place.
 E = Time spent auto-exploring this place.
 F = Levels seen in this place.
 G = Mean time per level.
                   A        B        C        D        E       F      G
               +--------+--------+--------+--------+--------+-----+--------+
         Total |    970 |    961 |      9 |      0 |    805 |   2 |  485.0 |
       Dungeon |    970 |    961 |      9 |      0 |    805 |   2 |  485.0 |
               +--------+--------+--------+--------+--------+-----+--------+

Top non-repeatable levels by time:
     D:1: 726 daAuts
     D:2: 243 daAuts
